 Dungeon Crawl Stone Soup version 0.28-a0-511-gcc94558de3 (webtiles) character file.

Game seed: 9595936482953760631

0 meatgazer the Skirmisher (level 1, -11/18 HPs)
             Began as a Demonspawn Abyssal Knight on Sept 21, 2021.
             Was a Follower of Lugonu.
             Killed from afar by a starcursed mass (14 damage)
             ... with an accursed screaming
             ... on level 1 of the Abyss.
             The game lasted 00:00:12 (78 turns).

meatgazer the Skirmisher (Demonspawn Abyssal Knight)  Turns: 78, Time: 00:00:13

Health: -11/18     AC:  3    Str: 13    XL:     1   Next: 0%
Magic:  2/2        EV: 11    Int: 11    God:    Lugonu [*.....]
Gold:   0          SH:  0    Dex: 13    Spells: 0/0 levels left

rFire   . . .      SeeInvis .   a - +1 hand axe
rCold   . . .      Faith    .   (no shield)
rNeg    . . .      Spirit   .   b - +0 leather armour
rPois   .          Reflect  .   (no helmet)
rElec   .          Harm     .   (no cloak)
rCorr   .          Rampage  .   (no gloves)
Will    .....                   (no boots)
Stlth   +.........              (no amulet)
HPRegen 0.06/turn               (no ring)
MPRegen 0.08/turn               (no ring)

@: no status effects
A: no striking features
a: Renounce Religion, Depart the Abyss


You were on level 1 of the Abyss.
You worshipped Lugonu.
Lugonu was aware of your devotion.
You visited 0 branches of the dungeon, and saw 0 of its levels.
You visited the Abyss 1 time.

Inventory:

Hand Weapons
 a - a +1 hand axe (weapon)
Armour
 b - a +0 leather armour (worn)


   Skills:
 + Level 3.0 Fighting
 + Level 1.7 Axes
 + Level 1.7 Armour
 + Level 0.8 Dodging
 + Level 2.4 Invocations


You couldn't memorise any spells.
You didn't know any spells.
Your spell library contained the following spells:

 Spells                   Type           Power      Damage    Failure   Level
 Sandblast                Erth           0%         2d4       41%         1
 Passwall                 Tmut/Erth      0%         N/A       56%         2
 Stone Arrow              Conj/Erth      0%         3d7       80%         3


Dungeon Overview and Level Annotations

Branches:
Dungeon (0/15)

Altars:


Message History

Welcome, meatgazer the Demonspawn Abyssal Knight.
Will you prevail where others failed? Will you find the Orb of Zot?
Lugonu says: Depart the Abyss and spread corruption, my servant! (use the ability menu to exit the Abyss) Press ? for a list of commands and other information.
Found a spear and a book of Geomancy.
Found a corrupted altar of Lugonu.
You pick up a book of Geomancy and begin reading...
You add the spells Sandblast, Passwall and Stone Arrow to your library.
Found a gateway leading out of the Abyss.
Found a radiant altar of Vehumet.
A tentacled starspawn comes into view.
A tentacled starspawn is nearby!
A tentacle flies out from the starspawn's body!
A starspawn tentacle comes into view.
A starcursed mass comes into view.
Found a green potion.
The starcursed mass shrieks in your mind.
A starcursed mass splits.
A starcursed mass splits.
A raiju comes into view.
A starcursed mass splits. x2
A starcursed mass splits.
A deafening chorus of shrieks assaults your mind!
* * * LOW HITPOINT WARNING * * *
The raiju barks!
A starcursed mass splits.
A deafening chorus of shrieks assaults your mind!
Ouch! That really hurt!
You die...

≈≈≈≈≈≈≈≈≈ #.#.# ##...
≈≈≈≈≈≈≈≈≈≈###.X#####.###
≈≈≈≈≈≈≈≈≈≈.#XX###. .##.
≈≈.#.....#.#X#.## ...# .
..........#X#.#.#. ...#
.............### ####.##
....h.....##.# ##.#... .
......!..#..#.. #..##.#
.......@..#.###.##....##
..........##.# # .### .
...........### # ...##
..........#.. #...# .#
.............# . ..#
....##.##..#.# # #.#.
..## ## ###.# #.. .# #
.# ....# # # .. ..#.


You could see 5 starcursed masses and a raiju.

Vanquished Creatures (others)
  2 starspawn tentacles (Abyss:1)
2 creatures vanquished.

Notes
Turn   | Place    | Note
-------+----------+-------------------------------------------
     0 | Abyss:1  | meatgazer the Demonspawn Abyssal Knight began the quest for
                  | the Orb.
     0 | Abyss:1  | Reached XP level 1. HP: 18/18 MP: 2/2
    29 | Abyss:1  | Found a radiant altar of Vehumet.
    58 | Abyss:1  | Noticed a tentacled starspawn
    72 | Abyss:1  | Noticed a starcursed mass
    75 | Abyss:1  | Noticed a raiju
    78 | Abyss:1  | Killed from afar by a starcursed mass

Illustrated notes

Levels and vault maps discovered:
Abyss:1:  base: Temple, base:
Temple

Table legend: (Time is in decaauts)
 A = Elapsed time spent in this place.
 B = Non-inter-level travel time spent in this place.
 C = Inter-level travel time spent in this place.
 D = Time resting spent in this place.
 E = Time spent auto-exploring this place.
 F = Levels seen in this place.
 G = Mean time per level.
                   A        B        C        D        E       F      G
               +--------+--------+--------+--------+--------+-----+--------+
         Total |     78 |     78 |      0 |      0 |     55 |   1 |   78.0 |
         Abyss |     78 |     78 |      0 |      0 |     55 |   1 |   78.0 |
               +--------+--------+--------+--------+--------+-----+--------+

Top non-repeatable levels by time:
 Abyss:1: 78 daAuts
